 Dungeon Crawl Stone Soup version 0.25.0-11-g1f837a76a1 (webtiles) character file.

Game seed: 8835167211090109209

133 nikku the Thaumaturge (level 4, 24/24 HPs)
             Began as a Deep Elf Conjurer on June 24, 2020.
             Quit the game on level 2 of the Dungeon.
             The game lasted 00:04:26 (2198 turns).

nikku the Thaumaturge (Deep Elf Conjurer)           Turns: 2198, Time: 00:04:27

Health: 24/24      AC:  3    Str:  5    XL:     4   Next: 93%
Magic:  13/17      EV: 13    Int: 21    God:
Gold:   127        SH:  0    Dex: 15    Spells: 10/21 levels left

rFire    . . .     SeeInvis .   (no weapon)
rCold    . . .     Gourm    .   (no shield)
rNeg     . . .     Faith    .   a - +0 robe
rPois    .         Spirit   .   (no helmet)
rElec    .         Reflect  .   (no cloak)
rCorr    .         Harm     .   (no gloves)
MR       .....                  f - +0 pair of boots
Stlth    ++........             (no amulet)
HPRegen  0.08/turn              (no ring)
MPRegen  0.15/turn              (no ring)

@: no status effects
A: no striking features
a: no special abilities


You were on level 2 of the Dungeon.
You were hungry.

You visited 1 branch of the dungeon, and saw 2 of its levels.

You collected 127 gold pieces.

Inventory:

Hand Weapons
 d - a +1 dagger
Missiles
 n - 3 poisoned darts (quivered)
Armour
 a - a +0 robe (worn)
 f - a +0 pair of boots (worn)
Wands
 o - a wand of iceblast (9)
Scrolls
 b - a scroll of teleportation
 j - a scroll of remove curse
Potions
 g - a potion of curing {unknown}
 h - a potion of stabbing {unknown}
 m - a potion of flight {unknown}
Comestibles
 c - 3 rations


   Skills:
 - Level 2.4 Dodging
 - Level 2.4 Stealth
 + Level 9.1 Spellcasting
 + Level 5.3 Conjurations
 + Level 7.6 Hexes
 + Level 0.0 Translocations
   Level 6.3 Transmutations


You had 10 spell levels left.
You knew the following spells:

 Your Spells              Type           Power        Failure   Level  Hunger
a - Magic Dart            Conj           ####         1%          1    None
b - Searing Ray           Conj           ####..       1%          2    None
c - Fulminant Prism       Conj/Hex       #####.....   4%          4    ##.....
d - Iskenderun's Mystic   Conj/Tloc      ###.....     24%         4    ##.....

Your spell library contained the following spells:

 Spells                   Type           Power        Failure   Level  Hunger
 Dazzling Flash           Conj/Hex       #####.       1%          3    None


Dungeon Overview and Level Annotations

Branches:
Dungeon (2/15)

Altars:


Message History

It is a scroll of identify.
e - a potion of experience
As you read the scroll labeled QUVYLIX UMASU, it crumbles to dust.
You feel momentarily disoriented.
It was a scroll of magic mapping.
Okay, then.
You feel more experienced!
Your Spellcasting skill gained 5 levels and is now at level 9!
Your Hexes skill gained 7 levels and is now at level 7!
Your Transmutations skill gained 6 levels and is now at level 6!
You have reached level 4!
You feel clever.
This spell is quite dangerous to cast!
Memorise Fulminant Prism, consuming 4 spell levels and leaving 14?
You start memorising the spell.
You continue memorising. x4
You finish memorising.
Spell assigned to 'c'.
This spell is potentially lethal to cast!
Memorise Iskenderun's Mystic Blast, consuming 4 spell levels and leaving 10?
You start memorising the spell.
You continue memorising. x4
You finish memorising.
Spell assigned to 'd'.
Are you sure you want to abandon this character and quit the game? (Confirm with "yes".)

...#.##.# #.#
#.# ........#
#.# #.#
.....#### #.#
#.# ###.##
#.# #.# # #.#
#.# #.# ###.#
#.# #.# ..#.#
#.# #.#
....#######.#
##.#
............#
#.@#
....#########
#.## #.#)#
#.# .<#.# #.#
#.#.# #.#
#.#.# #.#
#.#.# #.#
#.#.# #.#
..#.# #.#


There were no monsters in sight!

Vanquished Creatures
  An adder (D:2)
  3 dart slugs
  3 leopard geckos
  2 giant cockroaches (D:1)
  4 goblins
  4 hobgoblins
  7 jackals
  7 kobolds
  6 bats
  4 frilled lizards
  3 rats (D:2)
44 creatures vanquished.

Notes
Turn   | Place    | Note
-------+----------+-------------------------------------------
     0 | D:1      | nikku the Deep Elf Conjurer began the quest for the Orb.
     0 | D:1      | Reached XP level 1. HP: 10/10 MP: 6/6
   326 | D:1      | Reached XP level 2. HP: 15/15 MP: 3/8
   663 | D:1      | Reached skill level 4 in Spellcasting
   985 | D:2      | Reached XP level 3. HP: 19/19 MP: 2/10
   989 | D:2      | Learned a level 2 spell: Searing Ray
  1063 | D:2      | Reached skill level 5 in Conjurations
  2187 | D:2      | Reached skill level 9 in Spellcasting
  2187 | D:2      | Reached XP level 4. HP: 24/24 MP: 12/17
  2193 | D:2      | Learned a level 4 spell: Fulminant Prism
  2198 | D:2      | Learned a level 4 spell: Iskenderun's Mystic Blast
  2198 | D:2      | Quit the game

Illustrated notes

Levels and vault maps discovered:
D:1:      lightli_arrival_lavapool, layout_loops_ring, feat_on_display
D:2:      layout_loops_ring, kennysheep_generic_room_6

Skill      XL: |  1  2  3 |
---------------+----------+-----
Spellcasting   | 4 9 |  9.1
Conjurations   | 5 |  5.3
Hexes          | 7 |  7.6
Transmutations | 6 |  6.3
Dodging        | |  2.4
Stealth        | |  2.4

Action                   |  1- 3 |  4- 6 || total
-------------------------+-------+-------++-------
 Cast: Magic Dart        |    84 |       ||    84
       Searing Ray       |     5 |       ||     5
  Use: Scroll            |     5 |       ||     5
       Potion            |     1 |       ||     1
  Eat: Chunk             |     3 |       ||     3
Armor: Robe              |     1 |       ||     1
Dodge: Dodged            |     9 |       ||     9
